 Dungeon Crawl Stone Soup version 0.30-a0-359-gd0147acb1a (webtiles) character file.

Game seed: 18131259697333258124

135 oldriver the Magician (level 4, -3/35 HPs)
             Began as a Mummy Necromancer on Nov 12, 2022.
             Slain by Grinder (9 damage)
             ... while paralysed by Grinder
             ... on level 3 of the Dungeon.
             The game lasted 00:04:18 (2386 turns).

oldriver the Magician (Mummy Necromancer)           Turns: 2386, Time: 00:04:18

Health: -3/35      AC:  3    Str: 11    XL:     4   Next: 96%
Magic:  10/10      EV:  2    Int: 16    God:
Gold:   138        SH:  0    Dex: 12    Spells: 1/12 levels left

rFire   x . .      SeeInvis .    i - +4 spear
rCold   + . .      Faith    +    (no shield)
rNeg    + + +      Spirit   .    a - +0 robe
rPois   ∞          Reflect  .    f - +0 helmet
rElec   .          Harm     .    (no cloak)
rCorr   .          Rampage  .    (no gloves)
Will    .....                    (no boots)
Stlth   ++........               (no amulet)
HPRegen 0.25/turn                (no ring)
MPRegen 0.12/turn                (no ring)

@: paralysed
A: cold resistance 1, negative energy resistance 3, torment resistance 2, heat
vulnerability 1, in touch with death 1, no potions, faith
a: no special abilities


You were on level 3 of the Dungeon.
You visited 1 branch of the dungeon, and saw 3 of its levels.

You collected 138 gold pieces.

Inventory:

Hand Weapons
 i - a +4 spear (weapon)
Armour
 a - a +0 robe (worn)
 f - a +0 helmet (worn)
Scrolls
 b - a scroll of fog {unknown}
 c - a scroll of identify {unknown}
 d - a scroll of teleportation {unknown}
 e - a scroll of fear {unknown}
 g - a scroll of immolation {unknown}
 h - a scroll of noise {unknown}


   Skills:
 + Level 3.1 Fighting
 - Level 1.5 Dodging
 - Level 1.5 Stealth
 + Level 4.8 Spellcasting
 + Level 4.0 Necromancy
 + Level 0.0 Ice Magic


You had one spell level left.
You knew the following spells:

 Your Spells              Type           Power      Damage    Failure   Level
a - Necrotise             Necr           100%       1d9       3%          1
b - Vampiric Draining     Necr           25%        2d7       9%          3
c - Animate Dead          Necr           25%        N/A       30%         4
d - Ozocubu's Armour      Ice            3%         N/A       43%         3

Your spell library contained the following spells:

 Spells                   Type           Power      Damage    Failure   Level
 Agony                    Necr           25%        N/A       63%         5
 Ozocubu's Refrigeration  Ice            1%         4d7       100%        7


Dungeon Overview and Level Annotations

Branches:
Dungeon (3/15)

Altars:

Shops:
D:3 !

Annotations:
D:3 Grinder


Innate Abilities, Weirdness & Mutations

You are immune to poison.
Your flesh is cold resistant. (rC+)
You are immune to negative energy. (rN+++)
You are immune to unholy pain and torment.
You are vulnerable to heat. (rF-)
You are in touch with the powers of death.
You do not drink.
You have a special connection with the divine. (Faith)


Message History

Grinder gestures at you. You resist with significant effort.
You hit Grinder.
Grinder is heavily wounded.
Grinder says, "Don't move a muscle."
Grinder hits you.
You closely miss Grinder.
Grinder is heavily wounded.
Grinder gestures at you.
You suddenly lose the ability to move!
Grinder blinks!
Grinder hits you. Grinder hits you.
You can move again.
You hit Grinder.
Grinder is severely wounded.
Grinder hits you!
* * * LOW HITPOINT WARNING * * *
You barely miss Grinder.
Grinder is severely wounded.
Grinder blinks!
You hit Grinder.
Grinder is severely wounded.
Grinder barely misses you.
You hit Grinder.
Grinder is almost dead.
Grinder blinks!
You barely miss Grinder.
Grinder is almost dead.
Grinder misses you.
You hit Grinder but do no damage.
Grinder is almost dead.
Grinder says, "Wait up."
Grinder gestures at you.
You suddenly lose the ability to move!
Grinder hits you.
* * * LOW HITPOINT WARNING * * *
Grinder says, "What is the universe for?"
Grinder hits you!
You die...

.###5#.....########.#
..#.##.....##.......#
##.###.....##.#####.#
#### ########.# #.# #
#.# #.# # ### #.# #.#
# ##.###.#####.# #
##.#<##...5...# #
#####.###.####@####
###....## ##.....#
....###.###.######
##### ##.#.## ##.##
###


You could see Grinder.

Vanquished Creatures
  An orc priest (D:2)
  Robin (D:2)
  3 adders
  A gnoll (D:1)
  A dart slug (D:2)
  3 orcs (D:2)
  2 ball pythons
  2 endoplasms (D:1)
  2 giant cockroaches
  10 goblins
  8 hobgoblins
  7 bats
  4 frilled lizards
  4 kobolds
  2 rats
51 creatures vanquished.

Notes
Turn   | Place    | Note
-------+----------+-------------------------------------------
     0 | D:1      | oldriver the Mummy Necromancer began the quest for the Orb.
     0 | D:1      | Reached XP level 1. HP: 13/13 MP: 4/4
   113 | D:1      | Reached skill level 1 in Fighting
   272 | D:1      | Reached XP level 2. HP: 21/21 MP: 4/6
   743 | D:1      | Gained mutation: You are in touch with the powers of death.
                  | [Mummy growth]
   743 | D:1      | Reached XP level 3. HP: 27/27 MP: 4/8
   941 | D:2      | Noticed Robin
   987 | D:2      | Killed Robin
  1196 | D:2      | Reached XP level 4. HP: 34/34 MP: 5/10
  1200 | D:2      | Learned a level 3 spell: Vampiric Draining
  2010 | D:3      | Found a faded altar of an unknown god.
  2061 | D:3      | Found Zuical's Distillery.
  2115 | D:3      | Noticed Grinder
  2152 | D:2      | Learned a level 4 spell: Animate Dead
  2156 | D:2      | Learned a level 3 spell: Ozocubu's Armour
  2375 | D:3      | Paralysed by Grinder for 4 turns
  2384 | D:3      | Paralysed by Grinder for 3 turns
  2386 | D:3      | Slain by Grinder

Illustrated notes

Levels and vault maps discovered:
D:1:      roderic_crossed_star, layout_rooms
D:2:      layout_rooms, minmay_misc_feat_diagonals, roderic_serpentine_path,
          uniq_robin
D:3:      layout_loops_cross, nicolae_gozag_seed_capital,
          hellmonk_ecumenical_altar_arch_garden, serial_shops,
          nicolae_square_shop, ebering_dispersal_statue_hall, uniq_grinder

Skill      XL: |  1  2  3  4 |
---------------+-------------+-----
Spellcasting   | 3 4 |  4.8
Fighting       | 1 2 3 |  3.1
Dodging        | |  1.5
Stealth        | |  1.5
Necromancy     | |  4.0

Action                   |  1- 3 |  4- 6 || total
-------------------------+-------+-------++-------
Melee: Unarmed           |     1 |     1 ||     2
       Spear             |       |    11 ||    11
 Cast: Necrotise         |    67 |    38 ||   105
Armor: Robe              |     6 |     2 ||     8
Dodge: Dodged            |     8 |    14 ||    22

Table legend: (Time is in decaauts)
 A = Elapsed time spent in this place.
 B = Non-inter-level travel time spent in this place.
 C = Inter-level travel time spent in this place.
 D = Time resting spent in this place.
 E = Time spent auto-exploring this place.
 F = Levels seen in this place.
 G = Mean time per level.
                   A        B        C        D        E       F      G
               +--------+--------+--------+--------+--------+-----+--------+
         Total |   2388 |   2265 |    123 |     61 |   1720 |   3 |  796.0 |
       Dungeon |   2388 |   2265 |    123 |     61 |   1720 |   3 |  796.0 |
               +--------+--------+--------+--------+--------+-----+--------+

Top non-repeatable levels by time:
     D:2: 1001 daAuts
     D:1: 941 daAuts
     D:3: 445 daAuts
